 Dungeon Crawl Stone Soup version 0.28-a0-268-g3f656e82c2 (webtiles) character file.

Game seed: 15420178674485763289

1255 Conn the Sneak (level 8, -2/50 HPs)
             Began as an Octopode Fire Elementalist on Aug 28, 2021.
             Slain by Prince Ribbit (17 damage)
             ... on level 6 of the Dungeon.
             The game lasted 00:13:25 (6734 turns).

Conn the Sneak (Octopode Fire Elementalist)         Turns: 6734, Time: 00:13:25

Health: -2/50      AC:  1    Str:  7 (8)  XL:     8   Next: 51%
Magic:  4/15       EV: 13    Int: 19      God:
Gold:   364        SH:  5    Dex: 12      Spells: 6/17 levels left

rFire   . . .      SeeInvis .   h - +1 dagger (drain)
rCold   . . .      Faith    .   (no shield)
rNeg    . . .      Spirit   .   (helmet restricted)
rPois   .          Reflect  +   f - amulet of reflection
rElec   .          Harm     .   (no ring)
rCorr   .          Rampage  .   (no ring)
Will    .....      Rnd*Tele +   (no ring)
Stlth   ++++......              (no ring)
HPRegen 0.16/turn               (no ring)
MPRegen 0.14/turn               (no ring)
                                (no ring)
                                (no ring)

@: very slightly contaminated, invisible, unable to read
A: almost no armour, amphibious, 8 rings, camouflage 1, gelatinous body 1,
(nimble swimmer 1), tentacles, deterioration 1, teleportitis 1, inability to
read while threatened
a: no special abilities


You were on level 6 of the Dungeon.
You visited 1 branch of the dungeon, and saw 6 of its levels.

You collected 364 gold pieces.

Inventory:

Hand Weapons
 a - a +0 dagger
 h - a +1 dagger of draining (weapon)
 k - a +2 war axe of flaming
Jewellery
 c - an amulet of the acrobat
 f - an amulet of reflection (around mantle)
Wands
 j - a wand of polymorph (3)
 n - a wand of flame (19)
 s - a wand of iceblast (13)
Scrolls
 b - a scroll of enchant armour
 d - a scroll of holy word
 e - a scroll of summoning
 i - a scroll of blinking
 m - a scroll of teleportation
 o - a scroll of fog
 p - a scroll of identify
Potions
 l - 2 potions of curing
 q - a potion of resistance {unknown}
 r - a potion of magic {unknown}


   Skills:
 + Level 2.1 Fighting
 + Level 2.6 Short Blades
 + Level 2.7 Dodging
 + Level 6.0 Stealth
 + Level 0.3 Shields
 + Level 5.1 Spellcasting
 + Level 4.6 Conjurations
 + Level 5.1 Fire Magic


You had 6 spell levels left.
You knew the following spells:

 Your Spells              Type           Power      Damage    Failure   Level
a - Foxfire               Conj/Fire      92%        2x1d8     1%          1
b - Conjure Flame         Conj/Fire      23%        6-21      4%          3
c - Inner Flame           Hex/Fire       14%        N/A       13%         3
d - Sticky Flame          Conj/Fire      23%        2d4       17%         4

Your spell library contained the following spells:

 Spells                   Type           Power      Damage    Failure   Level
 Beastly Appendage        Tmut           8%         N/A       12%         1
 Passwall                 Tmut/Erth      3%         N/A       19%         2
 Wereblood                Tmut           4%         N/A       19%         2
 Call Canine Familiar     Summ           4%         N/A       36%         3
 Portal Projectile        Hex/Tloc       8%         N/A       36%         3
 Spider Form              Tmut/Pois      2%         N/A       36%         3
 Swiftness                Air            4%         N/A       36%         3
 Fireball                 Conj/Fire      11%        3d7       43%         5
 Leda's Liquefaction      Hex/Erth       2%         N/A       77%         4
 Invisibility             Hex            2%         N/A       100%        6


Dungeon Overview and Level Annotations

Branches:
Dungeon (6/15)
 Temple: D:4-7

Altars:
Dithmenos
Gozag
Okawaru
Ru
Uskayaw

Annotations:
D:6 Prince Ribbit


Innate Abilities, Weirdness & Mutations

You cannot wear most types of armour.
You are amphibious.
You can wear up to eight rings at the same time.
Your skin changes colour to match your surroundings (Stealth+).
Your rubbery body absorbs attacks. (AC +1, EV +1)
((You are camouflaged near water. (Stealth+)))
You have tentacles for arms and can constrict up to eight enemies at once.
Your body sometimes deteriorates upon taking damage.
You are occasionally teleported next to monsters.
You sometimes lose the ability to read scrolls when taking damage.


Message History

Aim: an orc priest, wielding a +0 hand axe and wearing a +0 ring mail (100% to hit)
The sticky flame hits the orc priest.
The orc priest is lightly wounded.
The orc priest is covered in liquid flames!
The orc priest burns!
The orc priest misses you.
You hit the orc priest. You grab the orc priest.
The orc priest is severely wounded.
You constrict the orc priest, but do no damage.
The orc priest burns!
Prince Ribbit hops awkwardly around.
The orc priest hits you with a +0 hand axe.
You block the orc's attack.
You hit the orc priest but do no damage.
You drain the orc priest.
You kill the orc priest!
Unknown command.
Casting: Sticky Flame (quite dangerous; 17% risk of failure)
Confirm with . or Enter, or press ? or * to list all spells.
The spell is quite dangerous to cast (17% risk of failure)!
Continue anyway?
Aiming: Sticky Flame (quite dangerous; 17% risk of failure)
Press: ? - help, Shift-Dir - straight line, f - Prince Ribbit
Aim: Prince Ribbit (moderately wounded, 100% to hit)
You miscast Sticky Flame.
You are very lightly contaminated with residual magic.
Heat runs through your body.
* * * LOW HITPOINT WARNING * * *
You block Prince Ribbit's attack. The orc closely misses you.
Prince Ribbit barely misses you.
Casting: Sticky Flame (quite dangerous; 17% risk of failure)
Confirm with . or Enter, or press ? or * to list all spells.
Okay, then.
Okay, then.
You cannot read scrolls in your current state!
Okay, then.
The orc barely misses you.
You cannot read scrolls in your current state!
It was a potion of invisibility.
You fade into invisibility!
Prince Ribbit hits you!
You die...

##..... #..... #'####
#...## ......
#######.)... ##>....
#....##..... #......
#.........##
#.....F#######.........#
#......#@F..##....##...#
#..oo.##o..##....##...#
##.>...##)...............
#......')................
#......#.................
#########################


You could see Prince Ribbit and an orc.

Vanquished Creatures
  Eustachio (D:4)
  2 ogres
  A necrophage (D:6)
  A scorpion (D:6)
  2 water moccasin zombies
  A water moccasin skeleton (D:5)
  A hound (D:5)
  4 orc priests
  2 iguanas
  Ijyb (D:3)
  Natasha (thrice) (D:3)
  5 orc wizards
  A howler monkey zombie (D:6)
  5 gnolls
  4 adders
  A white imp (D:5)
  An adder skeleton (D:2)
  2 worms
  4 dart slugs
  17 orcs
  3 ball pythons
  6 endoplasms
  A giant cockroach (D:2)
  9 goblins
  5 hobgoblins
  7 jackals
  7 quokkas
  4 bats
  4 frilled lizards
  5 kobolds
  5 rats
115 creatures vanquished.

Vanquished Creatures (others)
  433 foxfires
433 creatures vanquished.

Grand Total: 548 creatures vanquished

Notes
Turn   | Place    | Note
-------+----------+-------------------------------------------
     0 | D:1      | Conn the Octopode Fire Elementalist began the quest for the
                  | Orb.
     0 | D:1      | Reached XP level 1. HP: 11/11 MP: 3/3
    83 | D:1      | Reached skill level 3 in Stealth
   125 | D:1      | Reached XP level 2. HP: 17/17 MP: 3/5
   548 | D:1      | Reached XP level 3. HP: 12/21 MP: 4/6
  1432 | D:2      | Found a faded altar of an unknown god.
  1855 | D:2      | Learned a level 3 spell: Conjure Flame
  1859 | D:2      | Learned a level 3 spell: Inner Flame
  1928 | D:3      | Noticed Natasha
  1940 | D:3      | Killed Natasha
  1941 | D:3      | Reached XP level 4. HP: 27/27 MP: 0/8
  2042 | D:3      | Reached skill level 4 in Stealth
  2049 | D:3      | Noticed Natasha
  2081 | D:4      | Noticed an ogre
  2494 | D:3      | Killed Natasha
  2495 | D:3      | Reached XP level 5. HP: 28/31 MP: 2/9
  2605 | D:3      | Noticed Ijyb
  2629 | D:3      | Killed Ijyb
  2734 | D:3      | Noticed Natasha
  2741 | D:3      | Killed Natasha
  3089 | D:3      | Reached XP level 6. HP: 17/36 MP: 9/11
  3442 | D:3      | Learned a level 4 spell: Sticky Flame
  3616 | D:4      | Noticed Eustachio
  3663 | D:4      | Killed Eustachio
  3664 | D:4      | Reached skill level 1 in Fighting
  3664 | D:4      | Reached skill level 5 in Stealth
  3664 | D:4      | Reached XP level 7. HP: 26/43 MP: 6/12
  4119 | D:4      | Found an opulent altar of Gozag.
  4445 | D:4      | Gained mutation: You are occasionally teleported next to
                  | monsters. [potion of mutation]
  4445 | D:4      | Gained mutation: You sometimes lose the ability to read
                  | scrolls when taking damage. [potion of mutation]
  4445 | D:4      | Gained mutation: Your body sometimes deteriorates upon
                  | taking damage. [potion of mutation]
  4719 | D:4      | Found a hide-covered altar of Uskayaw.
  4719 | D:4      | Found an iron altar of Okawaru.
  4719 | D:4      | Found a sacrificial altar of Ru.
  5146 | D:5      | Entered Level 5 of the Dungeon
  5161 | D:5      | Reached skill level 1 in Short Blades
  5767 | D:5      | Reached XP level 8. HP: 48/48 MP: 1/14
  6578 | D:6      | Found a shadowy altar of Dithmenos.
  6587 | D:6      | Reached skill level 6 in Stealth
  6587 | D:6      | Reached skill level 5 in Spellcasting
  6587 | D:6      | Reached skill level 5 in Fire Magic
  6719 | D:6      | Noticed Prince Ribbit
  6734 | D:6      | Slain by Prince Ribbit

Illustrated notes

Levels and vault maps discovered:
D:1:      scummos_arrival_star, layout_loops_corners, serial_aquarium,
          aquarium_bridge_straight [aquarium_subvault_bridge,
          aquarium_subvault_window, aquarium_subvault_bridge,
          aquarium_subvault_wall], aquarium_window_2, aquarium_window_2,
          aquarium_window_1, aquarium_view_2c, aquarium_balcony_3a,
          aquarium_pool_four
D:2:      layout_rooms, basic_ecumenical_altar
D:3:      layout_loops_cross, uniq_natasha, uniq_ijyb
D:4:      layout_basic, gammafunk_temple_overflow_claw,
          nicolae_gozag_seed_capital, uniq_eustachio
D:5:      layout_basic
D:6:      layout_gridville, mainiacjoe_overflow_six_doors_small,
          nicolae_qazlal_eye_of_the_storm, nicolae_dithmenos_the_darkroom,
          uniq_blork_the_orc, uniq_prince_ribbit1

Skill      XL: |  1  2  3  4  5  6  7  8 |
---------------+-------------------------+-----
Stealth        | 3 4 5 6 |  6.0
Spellcasting   | 3 4 5 |  5.1
Conjurations   | 2 3 4 |  4.6
Fire Magic     | 4 5 |  5.1
Fighting       | 1 2 |  2.1
Short Blades   | 1 2 |  2.6
Dodging        | |  2.7
Shields        | |  0.3

Action                   |  1- 3 |  4- 6 |  7- 9 || total
-------------------------+-------+-------+-------++-------
Melee: Dagger            |    29 |    39 |    53 ||   121
       Tentacles         |     4 |     5 |     6 ||    15
       Unarmed           |     2 |       |       ||     2
       Constrict         |     8 |     7 |    13 ||    28
 Cast: Foxfire           |    63 |    74 |   117 ||   254
       Sticky Flame      |       |       |     1 ||     1
  Use: Potion            |       |     1 |     2 ||     3
       Scroll            |       |       |     7 ||     7
 Stab: Sleeping          |     5 |     4 |     7 ||    16
Armor: Skin              |     2 |    26 |     1 ||    29
Dodge: Dodged            |    30 |    30 |    20 ||    80
Block: Other             |       |       |     8 ||     8

Table legend: (Time is in decaauts)
 A = Elapsed time spent in this place.
 B = Non-inter-level travel time spent in this place.
 C = Inter-level travel time spent in this place.
 D = Time resting spent in this place.
 E = Time spent auto-exploring this place.
 F = Levels seen in this place.
 G = Mean time per level.
                   A        B        C        D        E       F      G
               +--------+--------+--------+--------+--------+-----+--------+
         Total |   6732 |   6630 |    102 |    986 |   4279 |   6 | 1122.0 |
       Dungeon |   6732 |   6630 |    102 |    986 |   4279 |   6 | 1122.0 |
               +--------+--------+--------+--------+--------+-----+--------+

Top non-repeatable levels by time:
     D:4: 2115 daAuts
     D:3: 1547 daAuts
     D:1: 1259 daAuts
     D:5: 840 daAuts
     D:2: 653 daAuts
     D:6: 315 daAuts
